AoeStats
← xiribitatatata

Arabian Desert

509956696Analyzed
1v1 RM · 2d ago on Sep 28, 2026· 30m 18s· 2 players
Game mode
Random Map
Map size
Tiny (2 player)
Population
200
Speed
Normal
Resources
Standard
Victory
Conquest
Starting age
Dark Age
Ending age
Imperial Age
RankedLock teamsTeams togetherTeam positionsShared explorationLock speedFull tech treeHidden civsTurbo modeCheats
Victory
Defeat
🇩🇰 Goths · Denmark
635
+17
🇮🇹 Cumans · Italy
662
-17
xiribitatatata
10:16 Loom
12:01 Feudal Age
12:28 Double-Bit Axe
12:45 Man-at-Arms
18:33 Wheelbarrow
23:45 Castle Age
22:03 Horse Collar
24:00 Stone Mining
24:01 Gold Mining
30:04 Imperial Age
Giudamd
8:03 Loom
11:09 Feudal Age
17:25 Man-at-Arms
28:52 Double-Bit Axe
Connection lost

Rejoining the realm…

Still unreachable

The connection could not be restored.

Session expired

The server has moved on; the page needs a fresh start.